 Dungeon Crawl Stone Soup version 0.16.2-12-gd0ad4c3 (webtiles) character file.

5363 dearth the Basher (level 10, -1/88 HPs)
             Began as a Minotaur Fighter on Sept 27, 2015.
             Was a High Priest of Okawaru.
             Slain by a wolf (4 damage)
             ... led by Grum
             ... on level 10 of the Dungeon.
             The game lasted 00:25:08 (8779 turns).

dearth the Basher (Minotaur Fighter)                Turns: 8779, Time: 00:25:09

Health: -1/88      AC: 10    Str: 23    XL:     10   Next: 39%
Magic:  12/12      EV:  8    Int:  5    God:    Okawaru [*****.]
Gold:   493        SH: 11    Dex: 11    Spells: 0 memorised, 9 levels left

rFire  . . .     SeeInvis .     l - +1 mace (drain)
rCold  + . .     Clarity  .     b - +0 scale mail
rNeg   . . .     SustAb   +     c - +0 shield
rPois  .         Gourm    .     (helmet restricted)
rElec  .         Spirit   .     j - +1 cloak
rCorr  +         Warding  .     (no gloves)
rMut   .         Stasis   .     (no boots)
MR     .....                    K - amulet of resist corrosion
Stlth  ..........               (no ring)
                                I - ring of sustain abilities

@: not resistant to hostile enchantments, extremely unstealthy
A: retaliatory headbutt, horns 2, cold resistance 1
a: Heroism, Finesse, Renounce Religion


You were on level 10 of the Dungeon.
You worshipped Okawaru.
Okawaru was extremely pleased with you.
You were not hungry.

You visited 2 branches of the dungeon, and saw 11 of its levels.

You collected 493 gold pieces.

Inventory:

Hand weapons
 a - a +0 flail
 l - a +1 mace of draining (weapon)
Armour
 b - a +0 scale mail (worn)
 c - a +0 shield (worn)
 j - a +1 cloak (worn)
Jewellery
 I - a ring of sustain abilities (left hand)
 K - an amulet of resist corrosion (around neck)
Magical devices
 m - a wand of enslavement (0)
 z - a wand of frost (23)
 H - a wand of paralysis (12)
Scrolls
 f - 10 scrolls of identify
 h - 8 scrolls of remove curse
 i - a scroll of magic mapping
 n - 3 scrolls of enchant armour
 q - 3 scrolls of teleportation
 s - 3 scrolls of enchant weapon
 u - a scroll of blinking
 E - 2 scrolls of amnesia
Potions
 e - a potion of might
 o - 5 potions of curing
 p - 2 potions of resistance
Comestibles
 g - 2 meat rations
 B - 9 beef jerkies
 C - 6 bread rations
 J - a slice of pizza


   Skills:
 + Level 8.0 Fighting
 * Level 10.7 Maces & Flails
 + Level 7.9 Armour
 + Level 8.4 Shields
 + Level 5.0 Invocations
 + Level 5.0 Evocations


You had 9 spell levels left.
You didn't know any spells.

Dungeon Overview and Level Annotations

Branches:
Dungeon (10/15)            Temple (1/1) D:4            Lair (0/8) D:8
    Orc: D:9-12

Altars:
Ashenzari
Cheibriados
Dithmenos
Elyvilon
Fedhas
Gozag
Kikubaaqudgha
Makhleb
Nemelex Xobeh
Okawaru
Qazlal
Ru
Sif Muna
Trog
Vehumet
Xom
Yredelemnul
Zin
The Shining One

Shops:
D:4 [(}   D:6 [=   D:7 [   D:8 [

Annotations:
D:7 exclusion: oklob plant
D:9 Grum


Innate Abilities, Weirdness & Mutations

You reflexively headbutt those who attack you in melee.
You have a pair of horns on your head.
Your flesh is cold resistant.


Message History

You can't go up here!
You can't go up here!
The wolf bites you but does no damage. You block the wolf's attack.
The wolf bites you.
* * * LOW HITPOINT WARNING * * *
The wolf bites you but does no damage. Grum hits you but does no damage.
You climb downwards. 2 wights come into view.
Found a potion of resistance.
There is a stone staircase leading up here.
You closely miss the wolf. Your headbutt misses the wolf.
The wolf is heavily wounded.
The wolf bites you!
* * * LOW HITPOINT WARNING * * *
The wolf bites you but does no damage. You block the wolf's attack.
You hit the wolf.
The wolf is severely wounded.
The wolf bites you but does no damage. You block the wolf's attack.
The wolf bites you.
You die...

#.######.
.........
#........#
#........#
#........#
#........#
#!....h..#
#.....@..#
#.....h..z..z..
#.####+#+###..


You could see 2 wolves and 2 wights.

Vanquished Creatures
  Erolcha (D:9)
  6 yaks (D:9)
  A wolf (D:9)
  A human (D:9)
  An ice beast (D:5)
  2 orc warriors
  4 phantoms
  7 ogres
  3 sky beasts
  A crocodile (D:8)
  3 boring beetles (D:8)
  3 centaurs
  Blork the orc (D:6)
  4 giant frogs
  A scorpion (D:8)
  A quasit (D:5)
  4 crimson imps (D:5)
  5 jellies
  2 goliath beetles (D:8)
  3 hounds
  A giant frog skeleton (D:5)
  2 centaur skeletons
  Crazy Yiuf (D:3)
  3 orc priests
  4 orc wizards
  6 worker ants
  Terence (D:3)
  3 hound skeletons
  A worker ant zombie (D:7)
  10 adders
  2 giant mites
  5 worms
  An adder zombie (D:5)
  6 giant geckos
  16 oozes
  41 orcs
  A ball python (D:5)
  A bat skeleton (D:5)
  9 giant cockroaches
  11 hobgoblins
  4 jackals (D:1)
  16 kobolds
  5 quokkas
  15 bats
  2 giant cockroach zombies
  A giant gecko skeleton (D:8)
  2 giant newts
  14 goblins
  2 goblin skeletons (D:9)
  A jackal skeleton (D:4)
  15 rats
256 creatures vanquished.

Vanquished Creatures (others)
  A giant frog skeleton (D:5)
  2 worker ants (D:5)
  2 adders (D:5)
  A worm (D:5)
  2 orcs (D:5)
  A hobgoblin (D:5)
  A kobold (D:5)
  A giant spore (D:8)
  7 fungi (D:7)
18 creatures vanquished.

Grand Total: 274 creatures vanquished

Notes
Turn   | Place    | Note
--------------------------------------------------------------
     0 | D:1      | dearth, the Minotaur Fighter, began the quest for the Orb.
     0 | D:1      | Reached XP level 1. HP: 19/19 MP: 1/1
   283 | D:1      | Reached XP level 2. HP: 25/27 MP: 1/1
   339 | D:1      | You fall through a shaft!
   339 | D:2      | Found an opulent altar of Gozag.
   400 | D:1      | Reached XP level 3. HP: 24/33 MP: 2/2
   441 | D:1      | Reached skill level 4 in Shields
   958 | D:2      | Reached XP level 4. HP: 31/40 MP: 2/2
   974 | D:2      | Found a sacrificial altar of Ru.
  1174 | D:2      | Found a deep blue altar of Sif Muna.
  1489 | D:3      | Noticed Terence
  1513 | D:3      | Killed Terence
  1616 | D:3      | Noticed Crazy Yiuf
  1623 | D:3      | Killed Crazy Yiuf
  1623 | D:3      | Reached XP level 5. HP: 40/47 MP: 2/2
  2030 | D:4      | Reached skill level 5 in Maces & Flails
  2134 | D:4      | Noticed an ogre
  2139 | D:4      | Killed an ogre
  2139 | D:4      | Reached skill level 5 in Shields
  2139 | D:4      | Reached XP level 6. HP: 42/55 MP: 3/3
  2211 | D:4      | Found a staircase to the Ecumenical Temple.
  2222 | Temple   | Entered the Ecumenical Temple
  2227 | Temple   | Became a worshipper of Warmaster Okawaru
  2284 | D:4      | Found Meuxaum's Weapon Emporium.
  2525 | D:4      | Found Donkaebb's Gadget Shoppe.
  2696 | D:4      | Reached skill level 5 in Fighting
  2808 | D:4      | Found Hyfuutomukh's Armour Shoppe.
  2910 | D:4      | Found an ancient bone altar of Kikubaaqudgha.
  3228 | D:5      | Entered Level 5 of the Dungeon
  3234 | D:5      | Reached skill level 6 in Maces & Flails
  3250 | D:5      | Reached skill level 5 in Armour
  3323 | D:5      | Reached XP level 7. HP: 58/61 MP: 3/3
  3349 | D:5      | Found a shimmering altar of Xom.
  3383 | D:5      | Acquired Okawaru's first power
  3495 | D:5      | Reached skill level 1 in Evocations
  3735 | D:5      | Reached skill level 1 in Invocations
  3754 | D:5      | Reached skill level 7 in Maces & Flails
  3957 | D:5      | Found a bloodstained altar of Trog.
  4085 | D:5      | Reached XP level 8. HP: 70/70 MP: 5/5
  4596 | D:6      | Noticed Blork the orc
  4613 | D:6      | Killed Blork the orc
  4666 | D:6      | Found Bruawoat's Antique Armour Shop.
  4699 | D:6      | Identified the Collected Works on Creative Beguiling
  4826 | D:6      | Found Mera's Jewellery Shop.
  4870 | D:6      | Found Shyrryum's Magic Scroll Shop.
  5093 | D:6      | Found a shadowy altar of Dithmenos.
  5646 | D:6      | Found a snail-covered altar of Cheibriados.
  5835 | D:7      | Reached skill level 8 in Maces & Flails
  5858 | D:7      | Found Frianost's Armour Emporium.
  6261 | D:7      | Noticed an oklob plant
  6493 | D:7      | Reached XP level 9. HP: 53/78 MP: 9/9
  6693 | D:8      | Reached skill level 9 in Maces & Flails
  7129 | D:8      | Found Asiel's Antique Armour Shoppe.
  7632 | D:8      | Found a staircase to the Lair.
  8164 | D:9      | Found a runed door.
  8168 | D:9      | Noticed Erolcha
  8171 | D:9      | Found a basalt altar of Yredelemnul.
  8187 | D:9      | Reached skill level 10 in Maces & Flails
  8195 | D:9      | Reached XP level 10. HP: 60/88 MP: 11/11
  8202 | D:9      | Paralysed by something for 5 turns
  8211 | D:9      | Killed Erolcha
  8211 | D:9      | Acquired Okawaru's second power
  8646 | D:9      | Gained mutation: Your flesh is cold resistant. [potion of beneficial mutation]
  8721 | D:9      | Reached skill level 5 in Evocations
  8731 | D:9      | Reached skill level 5 in Invocations
  8761 | D:9      | Noticed Grum
  8777 | D:10     | Entered Level 10 of the Dungeon
  8778 | D:10     | HP: 2/88 [wolf[Grum] (8)]
  8779 | D:10     | Slain by a wolf

Action                   |  1- 3 |  4- 6 |  7- 9 | 10-12 || total
-------------------------+-------+-------+-------+-------++-------
Melee: Flail             |    54 |       |       |       ||    54
       Mace              |    36 |   167 |   522 |    62 ||   787
  Use: Potion            |       |       |     1 |     7 ||     8
       Scroll            |       |       |       |    16 ||    16
 Stab: Distracted        |       |       |     1 |       ||     1
  Eat: Chunk             |       |     1 |     4 |       ||     5
       Royal jelly       |       |     1 |       |       ||     1
       Bread ration      |       |     1 |     1 |       ||     2
       Meat ration       |       |       |     2 |       ||     2
       Pizza             |       |       |     1 |       ||     1
